 Dungeon Crawl Stone Soup version 0.29-a0-555-g3b24f45cc1 (webtiles) character file.

Game seed: 13072515130695606065

0 spiderkeys the Ducker (level 1, 0/13 HPs)
             Began as a Deep Elf Abyssal Knight on June 7, 2022.
             Was a Believer of Lugonu.
             Slain by a bat (1 damage)
             ... on level 1 of the Dungeon.
             The game lasted 00:00:41 (133 turns).

spiderkeys the Ducker (Deep Elf Abyssal Knight)      Turns: 133, Time: 00:00:42

Health: 0/13       AC:  3    Str: 10    XL:     1   Next: 0%
Magic:  4/4        EV: 12    Int: 14    God:    Lugonu [**....]
Gold:   0          SH:  0    Dex: 15    Spells: 0/0 levels left

rFire   . . .      SeeInvis .   a - +1 falchion
rCold   . . .      Faith    .   (no shield)
rNeg    . . .      Spirit   .   b - +0 leather armour
rPois   .          Reflect  .   (no helmet)
rElec   .          Harm     .   (no cloak)
rCorr   .          Rampage  .   (no gloves)
Will    .....                   (no boots)
Stlth   +.........              (no amulet)
HPRegen 0.04/turn               (no ring)
MPRegen 0.09/turn               (no ring)

@: no status effects
A: no striking features
a: Renounce Religion, Depart the Abyss, Bend Space


You were on level 1 of the Dungeon.
You worshipped Lugonu.
Lugonu was pleased with you.
You visited 1 branch of the dungeon, and saw 1 of its levels.
You visited the Abyss 1 time.


   Skills:
 + Level 2.4 Fighting
 + Level 1.7 Long Blades
 - Level 0.7 Armour
 + Level 2.4 Dodging
 + Level 0.0 Spellcasting
 + Level 2.0 Invocations


You couldn't memorise any spells.
You didn't know any spells.
Your spell library was empty.

Inventory:

Hand Weapons
 a - a +1 falchion (weapon)
Missiles
 c - 24 stones
Armour
 b - a +0 leather armour (worn)

Dungeon Overview and Level Annotations

Branches:
Dungeon (1/15)

Altars:

. # # ..# #######.# ..
### .... #.....#.# .##
....####..#.....#.#....
........##.......>......
..⌠.......###.#..b......
.....⌠...## #.#.@....##
≈.........# #.#.†....#
......⌠...# #.#......#
...≈.....<# #.#......#
......⌠...# #.#......#
≈.........# #.#......#
.....⌠...####.########
..⌠......'.##.#
........##....#


You could see a bat.


Message History

🤖 Initializing magus.rc ...
Options error: Bad monster_list_colour key: strict_neutral (~/.crawlrc:5438) Bad channel name for runrest: 'pray:' ✅ Successfully initialized magus.rc [v1.11.3] Welcome, spiderkeys the Deep Elf Abyssal Knight.
Will you be the one to retrieve the magnificent Orb of Zot from the depths?
Lugonu says: Depart the Abyss and spread corruption, my servant! (use the ability menu to exit the Abyss) Press ? for a list of commands and other information.
Found two corrupted altars of Lugonu.
Found a gateway leading deeper into the Abyss.
Found a gateway leading deeper into the Abyss.
There is a gateway leading deeper into the Abyss here.
There is a corrupted altar of Lugonu here.
There is a corrupted altar of Lugonu here.
There is a gateway leading deeper into the Abyss here.
There is a gateway leading deeper into the Abyss here.
Unknown command.
Found a gateway leading out of the Abyss.
Found a gateway leading deeper into the Abyss.
There is a gateway leading out of the Abyss here.
You pass through the gate.
There is a staircase leading out of the dungeon here.
c - 24 stones You open the door.
There is an open door here.
Key pressed, stopping explore.
Found an escape hatch in the floor.
A hobgoblin comes into view.
The hobgoblin shouts!
The hobgoblin moves out of view.
A bat comes into view.
The bat hits you but does no damage.
You hit the hobgoblin. The bat hits you.
The hobgoblin barely misses you. 😕 HP[-1]
You take 1 damage, and now have 12/13 hp.
You closely miss the hobgoblin. The bat misses you.
The hobgoblin barely misses you.
You completely miss the hobgoblin. The bat closely misses you. x2
The hobgoblin hits you. 😮 HP[-4]
You take 4 damage, and now have 8/13 hp.
MASSIVE DAMAGE!! (PAUSE)
You are too injured to fight recklessly!
You hit the hobgoblin but do no damage. The bat completely misses you.
The hobgoblin barely misses you. The bat barely misses you.
The hobgoblin barely misses you.
You completely miss the hobgoblin. The bat closely misses you.
The hobgoblin hits you. 😮 HP[-1]
You take 1 damage, and now have 7/13 hp.
You hit the hobgoblin. The bat completely misses you. The hobgoblin hits you.
* * * LOW HITPOINT WARNING * * *
😨 HP[-1]
You take 1 damage, and now have 6/13 hp.
You closely miss the hobgoblin. The bat barely misses you.
The hobgoblin hits you but does no damage.
You barely miss the hobgoblin. The bat completely misses you.
The hobgoblin hits you.
* * * LOW HITPOINT WARNING * * *
The hobgoblin hits you.
* * * LOW HITPOINT WARNING * * *
😱 HP[-5]
You take 5 damage, and now have 1/13 hp.
MASSIVE DAMAGE!! (PAUSE)
You slash the hobgoblin!
You kill the hobgoblin!
Lugonu accepts your kill. The bat hits you.
You die...

Action                   || total
-------------------------++-------
Melee: Falchion          ||     9
Armor: Leather armour    ||     2
Dodge: Dodged            ||    13

Levels and vault maps discovered:
D:1:      dpeg_arrival_stone_temple_mockup, layout_basic

Notes
Turn   | Place    | Note
-------+----------+-------------------------------------------
     0 | Abyss:1  | spiderkeys the Deep Elf Abyssal Knight began the quest for
                  | the Orb.
     0 | Abyss:1  | Reached XP level 1. HP: 13/13 MP: 4/4
     0 | Abyss:1  | magus.rc [v1.11.3]
    23 | Abyss:1  | Found a corrupted altar of Lugonu.
    92 | D:1      | You pass through the gate.
    92 | D:1      | Escaped the Abyss
   132 | D:1      | HP: 3/13 [hobgoblin (3)]
   132 | D:1      | HP: 1/13 [hobgoblin (2)]
   133 | D:1      | Slain by a bat

Vanquished Creatures
  A hobgoblin (D:1)
1 creature vanquished.

Table legend:
 A = Non-vault XP
 B = Vault XP
 C = Vault XP percentage of total XP
 D = Non-vault monster count
 E = Vault monster count
 F = Vault count percentage of total count
                 A         B        C        D         E       F
            +---------+---------+-------+---------+---------+-------
      Total |       2 |       0 |   0.0 |       1 |       0 |   0.0
            +---------+---------+-------+---------+---------+-------
        D:1 |       2 |       0 |   0.0 |       1 |       0 |   0.0
            +---------+---------+-------+---------+---------+-------

Illustrated notes

Table legend:
 A = Kills in this place as a percentage of kills in entire the game.
 B = Kills by you in this place as a percentage of kills by you in the entire game.
 C = Kills by friends in this place as a percentage of kills by friends in the entire game.
 D = Other kills in this place as a percentage of other kills in the entire game.
 E = Experience gained in this place as a percentage of experience gained in the entire game.
 F = Experience gained in this place divided by the number of levels of this place that you have seen.
                   A       B       C       D       E      F
               +-------+-------+-------+-------+-------+----------------------
         Total | 100.0 | 100.0 |   N/A |   N/A | 100.0 |   1.0
       Dungeon | 100.0 | 100.0 |   N/A |   N/A | 100.0 |   2.0
               +-------+-------+-------+-------+-------+----------------------

Table legend: (Time is in decaauts)
 A = Elapsed time spent in this place.
 B = Non-inter-level travel time spent in this place.
 C = Inter-level travel time spent in this place.
 D = Time resting spent in this place.
 E = Time spent auto-exploring this place.
 F = Levels seen in this place.
 G = Mean time per level.
                   A        B        C        D        E       F      G
               +--------+--------+--------+--------+--------+-----+--------+
         Total |    134 |    134 |      0 |      0 |     27 |   2 |   67.0 |
       Dungeon |     42 |     42 |      0 |      0 |     27 |   1 |   42.0 |
         Abyss |     92 |     92 |      0 |      0 |      0 |   1 |   92.0 |
               +--------+--------+--------+--------+--------+-----+--------+

Top non-repeatable levels by time:
 Abyss:1: 92 daAuts
     D:1: 42 daAuts
